 Dungeon Crawl Stone Soup version 0.18.1-8-gdd0e5ea (webtiles) character file.

682855 Liquid the Slayer (level 27, -11/234 HPs)
             Began as a Centaur Gladiator on May 22, 2016.
             Was the Champion of Makhleb.
             Killed by divine providence
             ... invoked by a green draconian zealot
              (14 damage)
             ... on level 5 of the Realm of Zot on May 23, 2016.
             The game lasted 04:56:16 (71178 turns).

Liquid the Slayer (Centaur Gladiator)              Turns: 71178, Time: 04:56:16

Health: -11/234    AC: 41    Str: 23    XL:     27
Magic:  32/32      EV: 10    Int: 11    God:    Makhleb [******]
Gold:   4548       SH: 25    Dex: 35    Spells: 4 memorised, 17 levels left

rFire  + + +     SeeInvis .     m - +11 mace of Objectivity {vamp, rC+ Str+2 Dex+4}
rCold  + + +     Gourm    .     h - +8 gold dragon armour
rNeg   + + .     Faith    .     H - +2 large shield
rPois  +         Spirit   .     d - +3 hat of Pondering {ponderous, MR+ MP+10 Int+5}
rElec  +         Dismiss  .     V - +2 cloak
rCorr  +         Reflect  .     R - +1 pair of gloves {Dex+3}
SustAt .         Harm     .     L - +0 centaur barding
MR     ++++.     Rnd*Tele +     C - amulet of Hoeki {+Blink rF+ Regen+ Int-2 Dex+4}
Stlth  ..........               F - ring of the Hippo {*Corrode rF+ rN+ Dex+4}
                                c - ring "Ysaarydo" {rPois rN+ Str+5}

@: resistant, corroded, very slightly contaminated, hasted and slowed, quick,
incredibly resistant to hostile enchantments, extremely unstealthy
A: hooves 3, blurry vision 3, deformed body, deterioration 1, speed 2, frail 1,
low mp 3, magic resistance 1, shaggy fur 1, electricity resistance, slow
regeneration 1, teleportitis 3, tough skin 3, weak 2, subdued magic 2,
MP-powered wands
a: Minor Destruction, Lesser Servant of Makhleb, Major Destruction, Greater
Servant of Makhleb, Renounce Religion, Evoke Blink
}: 3/15 runes: barnacled, silver, gossamer


You were on level 5 of the Realm of Zot.
You worshipped Makhleb.
Makhleb was exalted by your worship.
You were full.

You visited 12 branches of the dungeon, and saw 56 of its levels.
You also visited: Sewer, Ice Cave and Wizlab.

You collected 9105 gold pieces.
You spent 4501 gold pieces at shops.

Inventory:

Hand Weapons
 m - the +11 mace of Objectivity (weapon) {vamp, rC+ Str+2 Dex+4}
   (You found it on level 4 of the Realm of Zot)

   It inflicts no extra harm, but heals its wielder somewhat when it strikes a
   living foe.
   It affects your strength (+2).
   It affects your dexterity (+4).
   It protects you from cold.
 B - the +8 flail "Otiq Xemn" {pain, rF+ rC+}
   (You found it on level 1 of the Vaults)

   In the hands of one skilled in necromantic magic, it inflicts extra damage on
   living creatures.
   It protects you from fire.
   It protects you from cold.
 K - a +9 eveningstar of crushing
 Y - the +11 hand crossbow of Fundamental Breach {venom, rElec rPois MR++}
   (You found it on level 3 of the Elven Halls)

   It poisons the ammo it fires.
   It insulates you from electricity.
   It protects you from poison.
   It affects your resistance to hostile enchantments.
Missiles
 i - 2047 bolts
Armour
 d - the +3 hat of Pondering (worn) {ponderous, MR+ MP+10 Int+5}
   (You bought it in a shop on level 4 of the Dungeon)

   It affects your intelligence (+5).
   It affects your resistance to hostile enchantments.
   It affects your magic capacity (+10).
 h - a +8 gold dragon armour (worn)
 H - a +2 large shield (worn)
 L - a +0 centaur barding (worn)
 R - a +1 pair of gloves of dexterity (worn)
 V - a +2 cloak (worn)
Jewellery
 c - the ring "Ysaarydo" (left hand) {rPois rN+ Str+5}
   (You found it on level 3 of the Crypt)

   [ring of positive energy]

   It affects your strength (+5).
   It protects you from poison.
   It protects you from negative energy.
 l - an uncursed ring of resist corrosion
 C - the amulet of Hoeki (around neck) {+Blink rF+ Regen+ Int-2 Dex+4}
   (You found it on level 2 of the Realm of Zot)

   [amulet of regeneration]

   It affects your intelligence (-2).
   It affects your dexterity (+4).
   It protects you from fire.
   It lets you blink.
   It increases your rate of regeneration.
 F - the ring of the Hippo (right hand) {*Corrode rF+ rN+ Dex+4}
   (You found it on level 3 of the Crypt)

   [ring of positive energy]

   It affects your dexterity (+4).
   It protects you from fire.
   It protects you from negative energy.
   It may corrode you when you take damage.
 Q - the ring of Winter {*Contam rC+ Str+5 SInv}
   (You found it on level 5 of the Vaults)

   [ring of see invisible]

   It affects your strength (+5).
   It protects you from cold.
   It lets you see invisible.
   It causes magical contamination when unequipped.
 W - the ring "Bidden" {+Fly rElec rF+}
   (You took it off a deep elf demonologist on level 3 of the Elven Halls)

   [ring of protection from fire]

   It protects you from fire.
   It insulates you from electricity.
   It lets you fly.
Wands
 p - a wand of paralysis (11/24)
 v - a wand of digging (6/24)
 M - a wand of digging (6/24)
 S - a wand of teleportation (1/9)
Scrolls
 a - 6 scrolls of amnesia
 b - 5 scrolls of fog
 j - 18 scrolls of teleportation
 k - 10 scrolls of recharging
 n - 13 scrolls of identify
 o - 17 scrolls of fear
 q - 2 scrolls of holy word
 t - 2 scrolls of enchant weapon
 u - 21 scrolls of remove curse
 A - 8 scrolls of blinking
 E - a scroll of magic mapping
 J - 2 scrolls of silence
Potions
 g - 8 potions of cancellation
 r - 4 potions of resistance
 s - 2 potions of haste
 w - 21 potions of curing
 G - 11 potions of flight
 O - 12 potions of brilliance
 P - 10 potions of might
 T - a potion of cure mutation
 U - 6 potions of agility
Books
 z - a book of Unlife

   Spells                             Type                      Level
   a - Recall                         Summoning/Translocation      3
   b - Animate Dead                   Necromancy                   4
   c - Control Undead                 Necromancy                   4
   d - Cigotuvi's Embrace             Necromancy                   5
   e - Death Channel                  Necromancy                   6
   f - Simulacrum                     Ice/Necromancy               6
Comestibles
 f - 42 bread rations
 D - 9 meat rations
 I - 18 royal jellies


   Skills:
 + Level 23.9 Fighting
 - Level 19.9(20.1) Maces & Flails
   Level 5.1(14.3) Staves
 - Level 19.2 Crossbows
 - Level 2.1 Throwing
 + Level 19.3 Armour
 - Level 10.0 Dodging
 + Level 16.2 Shields
 - Level 6.1 Spellcasting
 - Level 7.7 Transmutations
 - Level 11.0 Invocations


You had 17 spell levels left.
You knew the following spells:

 Your Spells              Type           Power        Failure   Level  Hunger
a - Deflect Missiles      Chrm/Air       #.........   100%        6    #######
b - Haste                 Chrm           #.......     100%        6    #######
c - Statue Form           Trmt/Erth      #........    100%        6    #######
d - Regeneration          Chrm/Necr      #.........   100%        3    ###....


Dungeon Overview and Level Annotations

Branches:
Dungeon (15/15)            Temple (1/1) D:4            Lair (8/8) D:9
 Shoals (4/4) Lair:4       Spider (4/4) Lair:3        Slime (0/6) Lair:6
    Orc (2/2) D:11            Elf (3/3) Orc:2        Vaults (5/5) D:13
  Crypt (3/3) Vaults:2       Tomb (1/3) Crypt:3      Depths (5/5) D:15
    Zot (5/5) Depths:5

Altars:
Ashenzari
Cheibriados
Dithmenos
Elyvilon
Fedhas
Gozag
Kikubaaqudgha
Makhleb
Nemelex Xobeh
Okawaru
Pakellas
Qazlal
Ru
Sif Muna
Trog
Vehumet
Xom
Yredelemnul
Zin
The Shining One
Jiyva

Shops:
D:4 }[**   D:7 (   Orc:2 ?:**[   Elf:1 !   Elf:2 !   Elf:3 :   Shoals:1 ?
Vaults:1 *%   Vaults:3 }[:   Depths:2 :   Depths:3 [

Portals:
Hell: Depths:1 Depths:2 Depths:3 Depths:4 Depths:5
Abyss: Depths:3 Depths:4
Pandemonium: Depths:3
Ziggurat: Depths:2

Annotations:
Shoals:4 1 exclusion
Zot:5 exclusion: orange crystal statue


Innate Abilities, Weirdness & Mutations

You have hooves in place of feet.
Armour fits poorly on your strangely shaped body.
You cover ground very quickly.
You have extremely tough skin (AC +3).
Scrolls take you much longer to read.
Your body sometimes deteriorates upon taking damage.
You are frail (-10% HP).
Your magical capacity is extremely low (-30% MP).
You are resistant to hostile enchantments.
You are covered in fur (AC +1).
You are resistant to electric shocks.
You regenerate slowly when monsters are visible.
You are often teleported next to monsters.
You are very weak. (Str -4)
Your spells are easier to cast, but less powerful.
You expend magic power (3 MP) to strengthen your wands.


Message History

You hear some strange, mumbled words.
You begin reading the scroll.
You continue reading the scroll.
The Orb Guardian hits you but does no damage.
You continue reading the scroll.
The Orb Guardian barely misses you.
The Orb Guardian hits you but does no damage.
Blink to where?
Press: ? - help, Dir - move target cursor
As you read the scroll of blinking, it crumbles to dust. 2 Orb Guardians and a draconian zealot come into view.
Drink which item? (? for menu, Esc to quit)
Okay, then.
Read which item? (? for menu, Esc to quit)
Really read with blurry vision while enemies are nearby?
Keep reading the scroll?
You hear a distant "Zot"!
You begin reading the scroll.
You continue reading the scroll.
The green draconian zealot calls down the wrath of its god upon you.
Something smites you!
You die...

,,,,,,,,**** **** #▓▓▓▓#▓▓▓▓▓▓#
***** ......X*.**.##* ***,,,,
......1.##.X..#* **,,,,**
........1###...#########**,,,***,
......X...#*#...........,,,,***,,
.......*..# *#..........,,,** *,,
.....{....# #..........,,,* *,,
..........# *#.@..XX...,,** *,,
..........# #.........,,* *,,
..........# *#.........,,** *,,
.........## *...q......,,,* **,
........## *#..........,,,** **
.......## *...........,,,,* *
######## ########.###*****
,,,,,,,* *,,,*..#..,,* *,,,,,**
****,,,*,,,#...####


You could see 2 orbs of fire, 3 Orb Guardians and a green draconian zealot.

Vanquished Creatures
  6 ancient liches
  5 orbs of fire
  Boris (twice) (Vaults:4 Crypt:2)
  A greater mummy (Tomb:1)
  Saint Roka (Vaults:1)
  Margery (Depths:5)
  Norris (Vaults:2)
  A Killer Klown (Zot:4)
  2 curse toes
  the Enchantress (Depths:2)
  17 golden dragons
  Xtahua (Depths:5)
  4 electric golems
  A bone dragon (Depths:5)
  5 liches
  Jorgrun (Depths:2)
  10 tentacled monstrosities
  3 Orb Guardians (Zot:5)
  Asterion (Spider:4)
  6 titans
  A deep elf blademaster (Elf:3)
  12 death cobs
  The ghost of Kite the Executioner, an adept MiBe of Trog (Spider:4)
  4 quicksilver dragons
  Kirke (Lair:5)
  5 ancient champions
  7 sphinxes
  A kraken (Shoals:4)
  8 tengu reavers
  11 shadow dragons
  2 revenants (Crypt:1)
  5 draconian monks
  Ilsuiw (Shoals:4)
  13 storm dragons
  Roxanne (Spider:1)
  20 fire giants
  Wiglaf (Crypt:2)
  12 frost giants
  Donald (Shoals:2)
  10 draconian knights
  A fire giant (shapeshifter) (Vaults:5)
  11 deep elf sorcerers
  6 emperor scorpions (Spider:4)
  4 iron dragons
  21 vault wardens
  9 draconian shifters
  2 curse skulls
  8 draconian scorchers
  A caustic shrike zombie (Depths:2)
  A ghost moth (Spider:4)
  4 spriggan defenders
  A ghoul (Crypt:1)
  A deep elf elementalist (Elf:3)
  A draconian zealot (Zot:4)
  20 ironheart preservers
  7 vampire knights
  3 war gargoyles (Crypt:3)
  7 draconian annihilators
  19 stone giants
  26 very ugly things
  3 draconian callers
  7 deep elf demonologists
  9 green draconians
  The ghost of eragonby the Imperceptible, a journeyman SpEn of Dithmenos (Spider:4)
  13 yellow draconians
  9 deep elf annihilators
  8 white draconians
  4 salamander stormcallers
  5 black draconians
  7 mottled draconians
  A spark wasp (shapeshifter) (Depths:3)
  9 red draconians
  8 purple draconians
  A large abomination (Elf:1)
  6 merfolk impalers
  7 spark wasps
  6 mummy priests
  2 small abominations (Vaults:5)
  4 merfolk javelineers
  5 eidola
  18 ettins
  8 jiangshi
  36 vault guards
  24 fire dragons
  9 great orbs of eyes
  4 deep elf death magi
  10 deep elf high priests
  Josephine (D:11)
  12 crystal guardians
  15 ogre magi
  19 yaktaur captains
  13 entropy weavers
  Fannar (D:12)
  5 hydras
  12 ice dragons
  3 quicksilver dragon skeletons
  A hell beast (Depths:5)
  An entropy weaver (shapeshifter) (Depths:1)
  An ice dragon (shapeshifter) (Vaults:5)
  A hydra (shapeshifter) (Vaults:5)
  Erica (D:8)
  2 spriggan air magi (Depths:2)
  12 rakshasas
  4 merfolk aquamancers (Shoals:4)
  5 centaur warriors
  Erolcha (D:8)
  A catoblepas (Lair:8)
  A satyr (Shoals:4)
  2 alligator snapping turtles (Shoals:4)
  4 death knights
  10 merfolk avatars
  18 deep troll shamans
  10 death yaks (Lair:8)
  24 dancing weapons
  12 deep troll earth magi
  10 vampire magi
  7 tengu warriors
  3 spriggan berserkers
  3 orc high priests (Elf:1)
  Nergalle (Lair:1)
  Sonja (D:10)
  23 deep elf knights
  3 shadow wraiths
  21 hell knights
  2 storm dragon skeletons
  6 death scarabs (Tomb:1)
  A fire crab (shapeshifter) (Depths:4)
  A fire crab (Lair:5)
  13 sea snakes
  7 iron trolls
  30 skeletal warriors
  8 unseen horrors
  A deep troll (shapeshifter) (Vaults:2)
  2 golden dragon zombies
  48 deep trolls
  12 flayed ghosts
  11 hill giants
  An orange crystal statue (Depths:1)
  A golden dragon skeleton (Crypt:1)
  A wolf spider zombie (D:13)
  14 phantasmal warriors
  15 ironbrand convokers
  2 anubis guards (Tomb:1)
  9 deep elf archers
  16 orc knights
  12 harpies
  8 necromancers
  35 ugly things
  A mana viper (shapeshifter) (D:13)
  3 orc sorcerers
  13 cyclopes
  6 griffons
  A manticore (shapeshifter) (D:13)
  3 salamanders (D:15)
  21 orb spiders
  75 deep elf magi
  2 hornets (shapeshifter)
  2 fire giant zombies
  6 hornets
  35 wolf spiders
  10 manticores
  8 fauns
  A cyclops (shapeshifter) (D:15)
  10 elephants
  32 moths of wrath
  A guardian serpent (shapeshifter) (Depths:3)
  11 sirens
  4 black mambas
  Joseph (D:8)
  3 centaur zombies
  Maurice (D:12)
  9 water nymphs
  14 vault sentinels
  3 ice statues (IceCv)
  A black mamba (shapeshifter) (Depths:1)
  7 smoke demons (Crypt:3)
  5 spiny frogs
  A frost giant skeleton (Crypt:3)
  2 spiny frogs (shapeshifter)
  7 gargoyles
  A torpor snail (Lair:4)
  A centaur skeleton (D:13)
  An efreet (D:12)
  5 rime drakes
  A pale draconian zombie (Crypt:1)
  9 komodo dragons
  3 kobold demonologists
  7 demonic crawlers
  A rime drake (shapeshifter) (Depths:2)
  A redback zombie (D:14)
  A tengu conjurer (Depths:2)
  A komodo dragon (shapeshifter) (Vaults:2)
  A catoblepas zombie (Crypt:3)
  9 freezing wraiths
  67 yaktaurs
  A death yak skeleton (Crypt:1)
  4 ice devils (IceCv)
  2 red devils
  6 guardian mummies (Tomb:1)
  19 merfolk
  3 polar bears
  A red draconian skeleton (Crypt:2)
  2 queen bees (shapeshifter) (Vaults:3)
  8 trolls
  A hydra zombie (Crypt:3)
  Prince Ribbit (Lair:2)
  A queen bee (Lair:1)
  38 jumping spiders
  7 snapping turtles
  A tengu simulacrum (Depths:2)
  An ice dragon zombie (Tomb:1)
  14 slime creatures
  3 ushabtiu (Tomb:1)
  24 blink frogs
  21 two-headed ogres
  A snapping turtle (shapeshifter) (Elf:2)
  4 boulder beetles
  2 bog bodies (Crypt:1)
  4 spriggans
  9 flying skulls (Tomb:1)
  A human simulacrum (Vaults:3)
  An ice dragon skeleton (Crypt:3)
  28 tarantellas
  2 ettin skeletons
  41 yaks
  A tarantella (shapeshifter) (Vaults:1)
  9 vampires
  81 redbacks
  5 air elementals
  A human (D:8)
  6 shadows
  11 water elementals
  14 wraiths
  2 elf simulacra
  Eustachio (D:5)
  7 wyverns
  A hill giant zombie (WizLab)
  A basilisk (shapeshifter) (Vaults:5)
  A hog (shapeshifter) (Vaults:3)
  3 basilisks
  3 hogs
  Grum (D:8)
  An elf zombie (Depths:2)
  4 fire elementals
  4 hungry ghosts
  4 vampire mosquitoes (Vaults:1)
  A steam dragon (D:13)
  7 hippogriffs
  A mottled dragon (Vaults:1)
  2 nagas (Depths:1)
  6 wargs
  2 soldier ants
  15 water moccasins
  A gelid demonspawn zombie (Crypt:2)
  Duvessa (D:7)
  8 porcupines
  3 giant eyeballs
  2 human skeletons
  An infernal demonspawn skeleton (Crypt:1)
  A giant eyeball (shapeshifter) (Depths:3)
  3 ice beasts
  56 orc warriors
  A phantom (D:10)
  A spiny frog skeleton (Crypt:1)
  A black bear (shapeshifter) (Depths:3)
  2 black bears
  A sky beast (D:7)
  An eye of draining (D:14)
  3 necrophages
  5 wasps
  63 ogres
  A swamp dragon skeleton (Tomb:1)
  2 boggarts (Depths:1)
  36 wolves
  13 crocodiles
  23 centaurs
  3 snapping turtle skeletons
  11 big kobolds
  A hog skeleton (Crypt:2)
  A rime drake skeleton (Crypt:2)
  19 giant frogs
  A gnoll sergeant (Orc:1)
  5 earth elementals
  A queen bee zombie (Crypt:2)
  8 scorpions
  Dowan (D:7)
  8 troll zombies (WizLab)
  23 wights
  25 killer bees
  2 electric eels (Spider:1)
  A howler monkey (D:9)
  2 lava snakes (D:13)
  9 crimson imps
  2 giant frog zombies
  4 draconian simulacra (IceCv)
  4 quasits
  7 hounds
  7 jellies
  34 orc wizards
  21 orc priests
  Crazy Yiuf (D:5)
  4 giant frog skeletons
  11 iguanas
  Natasha (D:3)
  A troll simulacrum (IceCv)
  10 worker ants
  A spriggan simulacrum (IceCv)
  A killer bee zombie (D:8)
  23 sheep
  A sky beast zombie (Crypt:1)
  5 ogre zombies (WizLab)
  A tengu skeleton (Crypt:2)
  2 hound skeletons
  A hound zombie (D:7)
  19 mummies (Tomb:1)
  A worker ant zombie (D:8)
  8 gnolls
  11 adders
  2 howler monkey skeletons
  3 naga simulacra (IceCv)
  An ogre simulacrum (IceCv)
  50 river rats
  3 shadow imps
  5 oozes
  An adder zombie (D:8)
  An iguana zombie (Crypt:2)
  A sheep zombie (Crypt:1)
  An adder skeleton (D:5)
  2 worms (D:2)
  2 dart slugs
  7 giant geckos
  121 orcs
  2 ball pythons
  9 bats
  A giant cockroach (D:5)
  9 goblins
  3 hobgoblins
  3 jackals (D:8)
  22 kobolds
  10 quokkas
  5 giant newts
  A jackal skeleton (Crypt:2)
  A kobold zombie (Crypt:2)
  A quokka zombie (D:6)
  20 rats
  4 crawling corpses
  2 fire vortices (Vaults:5)
  A fungus (D:9)
  4 plants
  2 tentacles (Shoals:4)
2769 creatures vanquished.

Vanquished Creatures (collateral kills)
  2 Orb Guardians (Zot:5)
  A deep elf sorcerer (Vaults:3)
  An ironheart preserver (Vaults:2)
  2 deep elf demonologists (Elf:3)
  A deep elf death mage (Elf:3)
  2 vault guards (D:13)
  A great orb of eyes (Vaults:4)
  A death knight (Vaults:2)
  An ogre mage (Vaults:4)
  A fire crab (shapeshifter) (Vaults:4)
  2 skeletal warriors (Vaults:2)
  A deep troll (Vaults:2)
  A phantasmal warrior (Vaults:2)
  A lindwurm (shapeshifter) (Vaults:3)
  An ugly thing (Vaults:4)
  A wolf spider (Vaults:2)
  An orc knight (Vaults:2)
  A freezing wraith (Vaults:4)
  A yaktaur (Depths:4)
  3 orc warriors (Vaults:2)
  2 kobolds (D:12)
28 creatures vanquished.

Vanquished Creatures (others)
  An Orb Guardian (Zot:5)
  2 sphinxes (Tomb:1)
  A storm dragon (Zot:5)
  3 draconian knights
  A draconian scorcher (Zot:3)
  A draconian shifter (Zot:2)
  A frost giant (Depths:4)
  Nessos (D:12)
  A red draconian (Depths:5)
  A white draconian (Zot:4)
  A deep elf annihilator (Elf:3)
  A deep elf high priest (Vaults:5)
  2 merfolk javelineers (Shoals:4)
  4 yaktaur captains
  A rakshasa (D:15)
  2 centaur warriors
  A deep elf knight (Vaults:3)
  2 deep trolls
  A necromancer (Depths:5)
  4 deep elf archers
  A deep elf mage (Elf:2)
  A salamander (D:15)
  A wolf spider (Spider:4)
  A vault sentinel (Vaults:5)
  24 yaktaurs
  A redback (Vaults:4)
  An air elemental (Elf:1)
  A hog (shapeshifter) (Depths:4)
  3 centaurs (Depths:4)
  An orc wizard (D:14)
  A sheep (D:14)
  A mummy (Tomb:1)
  2 kobolds (D:12)
  A giant newt (D:4)
  16 fungi
  7 lost souls
  18 plants
  6 tentacles (Shoals:4)
  151 tentacle segments (Shoals:4)
270 creatures vanquished.

Grand Total: 3067 creatures vanquished

Notes
Turn   | Place    | Note
--------------------------------------------------------------
     0 | D:1      | Liquid the Centaur Gladiator began the quest for the Orb.
     0 | D:1      | Reached XP level 1. HP: 17/17 MP: 1/1
   162 | D:1      | Reached XP level 2. HP: 24/24 MP: 2/2
  1023 | D:2      | Reached XP level 3. HP: 30/30 MP: 3/3
  1253 | D:2      | Reached XP level 4. HP: 24/37 MP: 4/4
  1729 | D:3      | Reached skill level 3 in Fighting
  1796 | D:3      | Noticed Natasha
  1812 | D:3      | Killed Natasha
  1999 | D:3      | Reached XP level 5. HP: 31/45 MP: 5/5
  2771 | D:4      | Found Vilypry's Assorted Antiques.
  2804 | D:4      | Bought a brightly glowing morningstar for 189 gold pieces
  2804 | D:4      | Bought a scroll labeled ODEUSI HUORYPP for 21 gold pieces
  2805 | D:4      | Identified the +5 morningstar "Baun Zer" {flame, +Rage rPois rF+ Str+2} (You bought it in a shop on level 4 of the Dungeon)
  2811 | D:4      | Found Enty's General Store.
  2873 | D:4      | Found a bloodstained altar of Trog.
  2874 | D:4      | Found an opulent altar of Gozag.
  2899 | D:4      | Reached skill level 1 in Maces & Flails
  2910 | D:4      | Found Maufedgh's Gadget Shop.
  2973 | D:4      | Found Jugganeo's Armour Shop.
  3121 | D:4      | Found a deep blue altar of Sif Muna.
  3125 | D:4      | Found a basalt altar of Yredelemnul.
  3127 | D:4      | Found a shimmering altar of Xom.
  3127 | D:4      | Found a shattered altar of Ashenzari.
  3340 | D:4      | Reached XP level 6. HP: 52/52 MP: 6/6
  3457 | D:4      | Reached skill level 4 in Fighting
  3457 | D:4      | Reached skill level 5 in Staves
  3487 | D:4      | Reached skill level 1 in Armour
  3577 | D:4      | Found a staircase to the Ecumenical Temple.
  3586 | Temple   | Entered the Ecumenical Temple
  3638 | Temple   | Became a worshipper of Makhleb the Destroyer
  3698 | D:5      | Entered Level 5 of the Dungeon
  3865 | D:5      | Noticed Eustachio
  3869 | D:5      | Reached XP level 7. HP: 53/60 MP: 7/7
  3932 | D:5      | Killed Eustachio
  3932 | D:5      | Reached skill level 1 in Shields
  4011 | D:5      | Reached skill level 5 in Fighting
  4059 | D:5      | Found a glowing golden altar of the Shining One.
  4117 | D:5      | Found a glowing drain.
  4150 | Sewer    | Entered a sewer
  4158 | Sewer    | Reached * piety under Makhleb
  4247 | Sewer    | Found a white marble altar of Elyvilon.
  4484 | D:5      | Noticed Crazy Yiuf
  4490 | D:5      | Killed Crazy Yiuf
  4610 | D:5      | Reached XP level 8. HP: 61/69 MP: 8/8
  4775 | D:6      | Reached skill level 6 in Fighting
  4858 | D:6      | Reached ** piety under Makhleb
  5224 | D:6      | Reached skill level 5 in Maces & Flails
  5325 | D:7      | Reached XP level 9. HP: 36/78 MP: 9/9
  5328 | D:7      | Reached skill level 7 in Fighting
  5628 | D:7      | Gained mutation: Your body sometimes deteriorates upon taking damage. [potion of mutation]
  5628 | D:7      | Gained mutation: You are partially covered in thin metallic scales (AC +2). [potion of mutation]
  5628 | D:7      | Gained mutation: You are dopey. (Int -2) [potion of mutation]
  5629 | D:7      | Lost mutation: You are dopey. (Int -2) [potion of mutation]
  5629 | D:7      | Gained mutation: Scrolls take you a little longer to read. [potion of mutation]
  5630 | D:7      | Gained mutation: You have a pair of small antennae on your head. [potion of mutation]
  5630 | D:7      | Lost mutation: Your body sometimes deteriorates upon taking damage. [potion of mutation]
  5631 | D:7      | Gained mutation: You are dopey. (Int -2) [potion of mutation]
  5631 | D:7      | Gained mutation: You are partially covered in icy blue scales (AC +1). [potion of mutation]
  5631 | D:7      | Lost mutation: You are partially covered in thin metallic scales (AC +2). [potion of mutation]
  5716 | D:7      | Gained mutation: You are agile. (Dex +2) [mutagenic meat]
  5717 | D:7      | Gained mutation: You evolve. [mutagenic meat]
  5884 | D:7      | Found Muats's Antique Weapon Boutique.
  6122 | D:7      | Noticed Dowan
  6133 | D:7      | Noticed Duvessa
  6139 | D:7      | Killed Dowan
  6139 | D:7      | Reached *** piety under Makhleb
  6148 | D:7      | Killed Duvessa
  6413 | D:7      | Found a shadowy altar of Dithmenos.
  6584 | D:4      | Bought the +3 hat of Pondering {ponderous, MR+ MP+10 Int+5} for 171 gold pieces
  6697 | D:8      | Noticed Erica
  6709 | D:8      | Killed Erica
  6709 | D:8      | Reached skill level 8 in Fighting
  6709 | D:8      | Reached skill level 5 in Shields
  6780 | D:8      | Reached XP level 10. HP: 87/88 MP: 10/10
  6858 | D:8      | Noticed Grum
  6892 | D:8      | Killed Grum
  6924 | D:8      | Noticed Joseph
  7409 | D:8      | Noticed Erolcha
  7424 | D:8      | Killed Erolcha
  7442 | D:8      | Gained mutation: You are partially covered in large bone plates (AC +2, SH +2). [evolution]
  7608 | D:8      | Killed Joseph
  7666 | D:9      | Reached **** piety under Makhleb
  7702 | D:9      | Found a staircase to the Lair.
  7790 | D:9      | Found an oddly glowing altar of Pakellas.
  7819 | D:9      | Noticed a hill giant
  7826 | D:9      | Reached skill level 9 in Fighting
  7868 | D:9      | Killed a hill giant
  8177 | D:9      | Reached XP level 11. HP: 97/97 MP: 11/11
  8418 | D:9      | Reached ***** piety under Makhleb
  8685 | D:10     | Entered Level 10 of the Dungeon
  8816 | D:10     | Noticed Sonja
  9075 | D:10     | Killed Sonja
  9075 | D:10     | Reached skill level 1 in Invocations
  9244 | D:10     | Reached skill level 5 in Armour
  9671 | D:11     | Reached skill level 10 in Fighting
  9730 | D:11     | Reached ****** piety under Makhleb
  9741 | D:11     | Found a staircase to the Orcish Mines.
  9867 | D:11     | Noticed a green ugly thing
  9891 | D:11     | Killed a green ugly thing
  9897 | D:11     | Gained mutation: Scrolls take you longer to read. [mutagenic meat]
 10152 | D:12     | Noticed Josephine
 10153 | D:12     | Noticed Maurice
 10186 | D:12     | Noticed Nessos
 10189 | D:12     | Noticed a red ugly thing
 10297 | Lair:1   | Entered Level 1 of the Lair of Beasts
 10309 | Lair:1   | Reached XP level 12. HP: 89/106 MP: 15/15
 10481 | Lair:1   | Noticed Prince Ribbit
 10525 | Lair:1   | Found a frozen archway.
 10567 | Lair:1   | Noticed Nergalle
 10570 | IceCv    | Entered an ice cave
 10695 | IceCv    | Reached skill level 5 in Invocations
 11213 | Lair:1   | Killed Nergalle
 11443 | Lair:1   | Got a translucent plate armour
 11455 | Lair:1   | Identified the cursed +1 plate armour of Monotheism {rF- Str-2 Int+7 Stlth+} (You found it on level 1 of the Lair of Beasts)
 11859 | Lair:2   | Reached skill level 11 in Fighting
 12260 | Lair:2   | Killed Prince Ribbit
 12820 | Lair:3   | Noticed an eight-headed hydra
 12829 | Lair:3   | Killed an eight-headed hydra
 12860 | Lair:3   | Found a hole to the Spider Nest.
 13149 | Lair:4   | Reached skill level 10 in Maces & Flails
 13149 | Lair:4   | Reached XP level 13. HP: 113/116 MP: 17/17
 13253 | Lair:4   | Got a bone morningstar
 13255 | Lair:4   | Identified the +8 morningstar of Pandemonium {antimagic, Int+5} (You found it on level 4 of the Lair of Beasts)
 13366 | Lair:4   | Found a staircase to the Shoals.
 14612 | Lair:5   | Noticed Kirke
 14632 | Lair:5   | Killed Kirke
 14813 | Lair:6   | Found a runed door.
 14816 | Lair:6   | Found a viscous altar of Jiyva.
 14818 | Lair:6   | Found a staircase to the Slime Pits.
 16226 | Lair:7   | Reached skill level 12 in Fighting
 16247 | Lair:8   | Entered Level 8 of the Lair of Beasts
 16406 | Lair:8   | Reached XP level 14. HP: 126/126 MP: 20/20
 17164 | Lair:8   | Gained mutation: You are robust (+10% HP). [potion of mutation]
 17818 | Orc:1    | Entered Level 1 of the Orcish Mines
 18140 | Orc:2    | Entered Level 2 of the Orcish Mines
 18604 | Orc:2    | Found a staircase to the Elven Halls.
 18732 | Orc:2    | Found Ifus's Assorted Antiques.
 18732 | Orc:2    | Found Feugham's General Store.
 18734 | Orc:2    | Found Votalusy's Antique Armour Shop.
 18736 | Orc:2    | Found Vughejan's Book Emporium.
 18755 | Orc:2    | Bought a runed centaur barding for 644 gold pieces
 18755 | Orc:2    | Bought a pair of glowing gloves for 126 gold pieces
 18884 | Orc:2    | Found Moyck's Magic Scroll Shop.
 18906 | Orc:2    | Bought a scroll of acquirement for 676 gold pieces
 19117 | Orc:2    | Gained mutation: You are partially covered in rough black scales (AC +4, Dex -1). [evolution]
 19282 | D:12     | Killed Nessos
 19305 | D:11     | Reached skill level 10 in Invocations
 19312 | D:11     | Killed Josephine
 19327 | D:12     | Killed Maurice
 19375 | D:12     | Noticed Fannar
 19396 | D:12     | Killed Fannar
 19494 | D:12     | Gained mutation: Your flesh is cold resistant. [potion of beneficial mutation]
 19539 | D:12     | Found a sacrificial altar of Ru.
 19629 | D:12     | Found a white marble altar of Elyvilon.
 19914 | D:13     | Found a gate to the Vaults.
 19927 | D:13     | Reached skill level 10 in Shields
 19927 | D:13     | Reached XP level 15. HP: 147/147 MP: 22/22
 20000 | D:13     | Lost mutation: You are robust (+10% HP). [mutagenic meat]
 20478 | D:13     | Reached skill level 13 in Fighting
 20653 | D:13     | Noticed a fire giant
 20654 | D:13     | Noticed a frost giant
 20654 | D:13     | Noticed a fire giant
 20673 | D:13     | Killed a frost giant
 20695 | D:13     | Killed a fire giant
 20704 | D:13     | Killed a fire giant
 21954 | D:15     | Entered Level 15 of the Dungeon
 22027 | D:15     | Found an ancient bone altar of Kikubaaqudgha.
 22428 | D:15     | Lost mutation: You are partially covered in rough black scales (AC +4, Dex -1). [mutagenic meat]
 22430 | D:15     | Gained mutation: You have a beak for a mouth. [mutagenic meat]
 22834 | D:15     | Reached XP level 16. HP: 109/144 MP: 24/24
 22835 | D:15     | Found a staircase to the Depths.
 23365 | Orc:2    | Bought a glowing eveningstar for 405 gold pieces
 23368 | Orc:2    | Bought an emerald potion for 24 gold pieces
 23484 | D:9      | Gained mutation: You are covered in fur (AC +1). [evolution]
 23485 | D:9      | Reached skill level 10 in Armour
 23641 | Shoals:1 | Entered Level 1 of the Shoals
 23748 | Shoals:1 | Found Isaaxt's Magic Scroll Shop.
 24781 | Shoals:2 | Noticed Donald
 24802 | Shoals:2 | Killed Donald
 25147 | Shoals:2 | Reached skill level 14 in Fighting
 25336 | Shoals:2 | Learned a level 6 spell: Deflect Missiles
 25343 | Shoals:2 | Learned a level 6 spell: Haste
 26174 | Shoals:4 | Entered Level 4 of the Shoals
 26340 | Shoals:4 | Noticed Ilsuiw
 26459 | Shoals:4 | Killed Ilsuiw
 27165 | Shoals:4 | Reached XP level 17. HP: 61/154 MP: 10/25
 27693 | Shoals:4 | Got a barnacled rune of Zot
 27963 | Shoals:4 | Noticed a kraken
 27986 | Shoals:4 | Killed a kraken
 28440 | Vaults:1 | Entered Level 1 of the Vaults
 28488 | Vaults:1 | Got a dazzling flail
 28491 | Vaults:1 | Identified the +8 flail "Otiq Xemn" {pain, rF+ rC+} (You found it on level 1 of the Vaults)
 28972 | Vaults:1 | Reached skill level 15 in Fighting
 29007 | Vaults:1 | Reached skill level 15 in Maces & Flails
 29103 | Vaults:1 | Noticed Saint Roka
 29130 | Vaults:1 | Killed Saint Roka
 29130 | Vaults:1 | Reached XP level 18. HP: 81/163 MP: 26/26
 29601 | Vaults:1 | Found Ugudus's Food Shop.
 29776 | Vaults:1 | Found Kuxzinixt's Assorted Antiques.
 30071 | Vaults:2 | Noticed Norris
 30646 | Vaults:2 | Killed Norris
 31341 | Vaults:2 | Found a staircase to the Crypt.
 31341 | Vaults:2 | Found an ancient bone altar of Kikubaaqudgha.
 31342 | Vaults:2 | Found a basalt altar of Yredelemnul.
 31500 | Vaults:3 | Found Ahiet's Armour Shoppe.
 31500 | Vaults:3 | Found Pisain's Gadget Shoppe.
 31503 | Vaults:3 | Noticed a lich
 31516 | Vaults:3 | Killed a lich
 31552 | Vaults:3 | Found Ixecero's Book Shoppe.
 31683 | Vaults:3 | Found a magical portal.
 31717 | WizLab   | Entered Zonguldrok's Shrine
 32134 | WizLab   | Noticed an antique lich
 32146 | WizLab   | Paralysed by an antique lich for 7 turns
 32159 | WizLab   | Killed an antique lich
 32192 | WizLab   | Identified Juhywues's Collected Works on Supportive Malediction
 32402 | Vaults:3 | Reached XP level 19. HP: 122/172 MP: 27/27
 32745 | Vaults:3 | Lost mutation: Scrolls take you longer to read. [evolution]
 32787 | Vaults:3 | Reached skill level 16 in Fighting
 34218 | Vaults:4 | Noticed Boris
 34812 | Vaults:1 | Reached XP level 20. HP: 182/182 MP: 28/28
 34981 | Orc:2    | Bought a manual of Armour for 1324 gold pieces
 35198 | Spider:1 | Entered Level 1 of the Spider Nest
 35293 | Spider:1 | Noticed Roxanne
 35303 | Spider:1 | Killed Roxanne
 35305 | Spider:1 | Identified Roxanne's Disquisition on Clay (You took it off Roxanne on level 1 of the Spider Nest)
 35338 | Spider:1 | Learned a level 6 spell: Statue Form
 35479 | Spider:1 | Reached skill level 1 in Transmutations
 35558 | Spider:1 | Reached skill level 1 in Spellcasting
 37940 | Spider:4 | Entered Level 4 of the Spider Nest
 38037 | Spider:4 | Noticed Kite's ghost (adept MiBe)
 38074 | Spider:4 | Killed Kite's ghost
 38104 | Spider:4 | Noticed eragonby's ghost (journeyman SpEn)
 38117 | Spider:4 | Killed eragonby's ghost
 38378 | Spider:4 | Reached skill level 17 in Fighting
 38413 | Spider:4 | Noticed Asterion
 38433 | Spider:4 | Killed Asterion
 39255 | Spider:4 | Got a gossamer rune of Zot
 39702 | Depths:1 | Entered Level 1 of the Depths
 40404 | Depths:1 | Reached skill level 5 in Transmutations
 40442 | Depths:1 | Reached XP level 21. HP: 159/191 MP: 29/29
 40570 | Depths:1 | Found a gateway to Hell.
 41009 | Depths:1 | Gained mutation: You possess an exceptional clarity of mind. [helix card]
 41020 | Depths:1 | Lost mutation: You are agile. (Dex +2) [helix card]
 41345 | Depths:2 | Found Suxaos's Book Shop.
 41553 | Depths:2 | Noticed a golden dragon
 41634 | Depths:2 | Reached skill level 5 in Spellcasting
 41640 | Depths:2 | Killed a golden dragon
 41690 | Depths:2 | Found a shattered altar of Ashenzari.
 41767 | Depths:2 | Noticed the Enchantress
 41849 | Depths:2 | Killed the Enchantress
 42024 | Depths:2 | Noticed Jorgrun
 42041 | Depths:2 | Killed Jorgrun
 42142 | Depths:2 | Found a gateway to a ziggurat.
 43173 | Depths:3 | Found Siotupsait's Antique Armour Boutique.
 43181 | Depths:3 | Gained mutation: You are resistant to electric shocks. [evolution]
 43317 | Depths:3 | Found an iron altar of Okawaru.
 43456 | Depths:3 | Reached skill level 18 in Fighting
 43478 | Depths:3 | Found a one-way gate to the infinite horrors of the Abyss.
 43863 | Depths:3 | HP: 7/194 [deep troll (7)]
 43875 | Depths:3 | Reached XP level 22. HP: 56/202 MP: 31/31
 44410 | Depths:3 | Reached skill level 15 in Armour
 44455 | Depths:3 | Paralysed by a sphinx for 6 turns
 45010 | Depths:3 | Found a one-way gate leading to the halls of Pandemonium.
 45010 | Depths:3 | Noticed a golden dragon
 45029 | Depths:3 | Killed a golden dragon
 45056 | Depths:3 | Noticed a golden dragon
 45064 | Depths:3 | Killed a golden dragon
 45906 | D:4      | Bought the +8 plate armour "Debacs" {MR+} for 756 gold pieces
 45908 | D:4      | Bought a +1 pair of gloves of dexterity for 165 gold pieces
 46357 | Elf:1    | Entered Level 1 of the Elven Halls
 46364 | Elf:1    | Reached skill level 5 in Dodging
 46542 | Elf:1    | Found Ymocu's Distillery.
 47837 | Elf:2    | Gained mutation: You are agile. (Dex +2) [potion of beneficial mutation]
 47889 | Elf:2    | Found Ryemir's Distillery.
 47927 | Elf:2    | Found a runed gate.
 47927 | Elf:2    | Found a runed gate.
 48136 | Elf:2    | Found a runed gate.
 48919 | Elf:3    | Entered Level 3 of the Elven Halls
 49443 | Elf:3    | Found Buaggyos's Book Shop.
 49613 | Elf:3    | Reached XP level 23. HP: 211/211 MP: 32/32
 49687 | Elf:3    | Reached skill level 15 in Shields
 49845 | Elf:3    | Reached skill level 19 in Fighting
 49905 | Elf:3    | Identified Sopn's Volume of Earth and Confrontation (You found it on level 3 of the Elven Halls)
 49938 | Elf:3    | Identified Iskoelej's Almanac of Damage Dealing
 50057 | Elf:3    | Identified the Papyrus of Noxious Flames
 50061 | Elf:3    | Got an encrusted plate armour
 50066 | Elf:3    | Got an ancient hand crossbow
 50083 | Elf:3    | Identified the +11 hand crossbow of Fundamental Breach {venom, rElec rPois MR++} (You found it on level 3 of the Elven Halls)
 50088 | Elf:3    | Identified the +8 plate armour of the Salamander {rPois rCorr Str+2 Slay-5} (You found it on level 3 of the Elven Halls)
 50102 | Elf:3    | Got a scintillating brass ring
 50808 | Vaults:1 | Reached skill level 1 in Crossbows
 51500 | Vaults:4 | Killed Boris
 51520 | Vaults:4 | Identified the ring "Bidden" {+Fly rElec rF+} (You took it off a deep elf demonologist on level 3 of the Elven Halls)
 52716 | Vaults:5 | Entered Level 5 of the Vaults
 52724 | Vaults:5 | Reached skill level 5 in Crossbows
 52926 | Vaults:5 | Got a slimy mace
 52996 | Vaults:5 | Identified the cursed +1 mace "Zideluceso" {flame, rC+ rN+ Str+3} (You found it on level 5 of the Vaults)
 52999 | Vaults:5 | Got a vibrating bronze ring
 53001 | Vaults:5 | Identified the ring of Winter {*Contam rC+ Str+5 SInv} (You found it on level 5 of the Vaults)
 53043 | Vaults:5 | Reached XP level 24. HP: 174/222 MP: 32/32
 53360 | Vaults:5 | Reached skill level 10 in Crossbows
 53431 | Vaults:5 | Identified the Volume of Feathers and the Rocks (You found it on level 5 of the Vaults)
 53598 | Vaults:5 | Got a silver rune of Zot
 53722 | Vaults:5 | Reached skill level 20 in Fighting
 53946 | Vaults:5 | Gained mutation: Your spells are a little harder to cast, but a little more powerful. [evolution]
 54394 | Vaults:5 | Got a pitted plate armour
 54414 | Vaults:5 | Identified the cursed +0 plate armour of Divic {rF+ rN+} (You found it on level 5 of the Vaults)
 54441 | Vaults:5 | Learned a level 3 spell: Regeneration
 55990 | Depths:3 | Reached skill level 10 in Dodging
 56356 | Depths:4 | Reached XP level 25. HP: 233/233 MP: 32/32
 57465 | Depths:5 | Entered Level 5 of the Depths
 57933 | Depths:5 | Noticed Margery
 57963 | Depths:5 | Reached skill level 15 in Crossbows
 57974 | Depths:5 | Killed Margery
 58091 | Depths:5 | Noticed Xtahua
 58108 | Depths:5 | Killed Xtahua
 58419 | Depths:5 | Found a gate to the Realm of Zot.
 58485 | Depths:5 | Reached skill level 21 in Fighting
 59581 | Crypt:1  | Entered Level 1 of the Crypt
 59702 | Crypt:1  | Found an ancient bone altar of Kikubaaqudgha.
 60010 | Crypt:1  | Found a basalt altar of Yredelemnul.
 60197 | Crypt:1  | Reached XP level 26. HP: 242/242 MP: 32/32
 60484 | Crypt:2  | Noticed Boris
 60490 | Crypt:2  | Killed Boris
 60585 | Crypt:2  | Noticed Wiglaf
 60602 | Crypt:2  | Killed Wiglaf
 61096 | Crypt:3  | Entered Level 3 of the Crypt
 61679 | Crypt:3  | Got a clouded brass ring
 61679 | Crypt:3  | Got a coiled brass ring
 61679 | Crypt:3  | Got a slimy marble ring
 61686 | Crypt:3  | Identified the ring "Ysaarydo" {rPois rN+ Str+5} (You found it on level 3 of the Crypt)
 61688 | Crypt:3  | Identified the ring of the Seven Curses {rElec rC+ rN+ MR- Int+2} (You found it on level 3 of the Crypt)
 61690 | Crypt:3  | Identified the ring of the Hippo {*Corrode rF+ rN+ Dex+4} (You found it on level 3 of the Crypt)
 61782 | Crypt:3  | Noticed an ancient lich
 61790 | Crypt:3  | Killed an ancient lich
 61902 | Crypt:3  | Found an ancient bone altar of Kikubaaqudgha.
 61921 | Crypt:3  | Noticed an ancient lich
 61937 | Crypt:3  | Killed an ancient lich
 61996 | Crypt:3  | Identified the Catalogue of Unholy Rituals
 62187 | Crypt:3  | Found a staircase to the Tomb.
 62827 | Tomb:1   | Entered Level 1 of the Tomb of the Ancients
 62964 | Tomb:1   | Noticed an ancient lich
 62977 | Tomb:1   | Killed an ancient lich
 63520 | Tomb:1   | Noticed a greater mummy
 63556 | Tomb:1   | Killed a greater mummy
 64521 | Zot:1    | Entered Level 1 of the Realm of Zot
 64838 | Zot:1    | Noticed an orb of fire
 64847 | Zot:1    | Gained mutation: You tend to lose your temper in combat. [an orb of fire]
 64850 | Zot:1    | Gained mutation: Your body sometimes deteriorates upon taking damage. [an orb of fire]
 64854 | Zot:1    | Gained mutation: Your body often deteriorates upon taking damage. [an orb of fire]
 64855 | Zot:1    | Lost mutation: You are agile. (Dex +2) [an orb of fire]
 64859 | Zot:1    | Killed an orb of fire
 65506 | Zot:2    | Reached skill level 22 in Fighting
 65731 | Zot:2    | Reached XP level 27. HP: 219/254 MP: 32/32
 66610 | Zot:2    | Got a brightly glowing ruby amulet
 66613 | Zot:2    | Identified the amulet of Hoeki {+Blink rF+ Regen+ Int-2 Dex+4} (You found it on level 2 of the Realm of Zot)
 68048 | Zot:3    | Noticed an orb of fire
 68058 | Zot:3    | Gained mutation: You are clumsy. (Dex -2) [an orb of fire]
 68093 | Zot:3    | Killed an orb of fire
 68208 | Zot:3    | Noticed an orb of fire
 68208 | Zot:3    | Gained mutation: You occasionally shout uncontrollably at your foes. [an orb of fire]
 68208 | Zot:3    | Gained mutation: You are very dopey. (Int -4) [an orb of fire]
 68211 | Zot:3    | Gained mutation: Your magical capacity is low (-10% MP). [an orb of fire]
 68215 | Zot:3    | Gained mutation: Your magical capacity is very low (-20% MP). [an orb of fire]
 68218 | Zot:3    | Gained mutation: You are frail (-10% HP). [an orb of fire]
 68220 | Zot:3    | Gained mutation: Scrolls take you longer to read. [an orb of fire]
 68232 | Zot:3    | Gained mutation: Scrolls take you much longer to read. [an orb of fire]
 68238 | Zot:3    | Gained mutation: You are very frail (-20% HP). [an orb of fire]
 68242 | Zot:3    | Killed an orb of fire
 68377 | Zot:3    | Reached skill level 23 in Fighting
 68775 | Zot:4    | Lost mutation: Your magical capacity is very low (-20% MP). [evolution]
 68782 | Zot:4    | Lost mutation: Your flesh is cold resistant. [potion of cure mutation]
 68782 | Zot:4    | Lost mutation: Your magical capacity is low (-10% MP). [potion of cure mutation]
 68783 | Zot:4    | Lost mutation: Scrolls take you much longer to read. [potion of cure mutation]
 68783 | Zot:4    | Lost mutation: You possess an exceptional clarity of mind. [potion of cure mutation]
 68783 | Zot:4    | Lost mutation: You are partially covered in icy blue scales (AC +1). [potion of cure mutation]
 68783 | Zot:4    | Lost mutation: You tend to lose your temper in combat. [potion of cure mutation]
 68783 | Zot:4    | Lost mutation: You are clumsy. (Dex -2) [potion of cure mutation]
 68783 | Zot:4    | Lost mutation: Scrolls take you longer to read. [potion of cure mutation]
 68784 | Zot:4    | Lost mutation: Your body often deteriorates upon taking damage. [potion of cure mutation]
 68784 | Zot:4    | Lost mutation: You are very dopey. (Int -4) [potion of cure mutation]
 68784 | Zot:4    | Lost mutation: You have a pair of small antennae on your head. [potion of cure mutation]
 68785 | Zot:4    | Lost mutation: You are very frail (-20% HP). [potion of cure mutation]
 68785 | Zot:4    | Lost mutation: You evolve. [potion of cure mutation]
 68785 | Zot:4    | Lost mutation: Scrolls take you a little longer to read. [potion of cure mutation]
 68785 | Zot:4    | Lost mutation: Your body sometimes deteriorates upon taking damage. [potion of cure mutation]
 68785 | Zot:4    | Lost mutation: Your spells are a little harder to cast, but a little more powerful. [potion of cure mutation]
 68785 | Zot:4    | Lost mutation: You have a beak for a mouth. [potion of cure mutation]
 68786 | Zot:4    | Lost mutation: You are frail (-10% HP). [potion of cure mutation]
 68786 | Zot:4    | Lost mutation: You are dopey. (Int -2) [potion of cure mutation]
 68786 | Zot:4    | Lost mutation: You are partially covered in large bone plates (AC +2, SH +2). [potion of cure mutation]
 68786 | Zot:4    | Lost mutation: You occasionally shout uncontrollably at your foes. [potion of cure mutation]
 68890 | Zot:4    | Got a fine mace
 68892 | Zot:4    | Identified the +11 mace of Objectivity {vamp, rC+ Str+2 Dex+4} (You found it on level 4 of the Realm of Zot)
 70204 | Zot:5    | Entered Level 5 of the Realm of Zot
 70363 | Zot:5    | Noticed an ancient lich
 70391 | Zot:5    | Killed an ancient lich
 70434 | Zot:5    | Noticed an orb of fire
 70443 | Zot:5    | Gained mutation: You are occasionally teleported next to monsters. [an orb of fire]
 70459 | Zot:5    | Gained mutation: Your body sometimes deteriorates upon taking damage. [an orb of fire]
 70487 | Zot:5    | Gained mutation: You are sometimes teleported next to monsters. [an orb of fire]
 70506 | Zot:5    | Noticed an ancient lich
 70506 | Zot:5    | Gained mutation: You are weak. (Str -2) [an orb of fire]
 70510 | Zot:5    | Gained mutation: Your spells are a little easier to cast, but a little less powerful. [an orb of fire]
 70753 | Zot:5    | Gained mutation: You are frail (-10% HP). [an orb of fire]
 70756 | Zot:5    | Noticed an ancient lich
 70767 | Zot:4    | Gained mutation: Scrolls take you a little longer to read. [an orb of fire]
 70769 | Zot:4    | Gained mutation: You are resistant to hostile enchantments. [an orb of fire]
 70775 | Zot:4    | Gained mutation: Your magical capacity is low (-10% MP). [an orb of fire]
 70778 | Zot:4    | Gained mutation: You are very weak. (Str -4) [an orb of fire]
 70783 | Zot:4    | Killed an ancient lich
 70814 | Zot:4    | Gained mutation: You expend magic power (3 MP) to strengthen your wands. [an orb of fire]
 70823 | Zot:4    | Killed an orb of fire
 71096 | Zot:5    | Noticed an orb of fire
 71096 | Zot:5    | Gained mutation: You are often teleported next to monsters. [an orb of fire]
 71113 | Zot:5    | Noticed an ancient lich
 71115 | Zot:5    | Noticed an orb of fire
 71119 | Zot:5    | Killed an orb of fire
 71125 | Zot:5    | Noticed an orb of fire
 71127 | Zot:5    | Gained mutation: Your magical capacity is very low (-20% MP). [an orb of fire]
 71129 | Zot:5    | Gained mutation: Your magical capacity is extremely low (-30% MP). [an orb of fire]
 71133 | Zot:5    | Gained mutation: Your spells are easier to cast, but less powerful. [an orb of fire]
 71151 | Zot:5    | Gained mutation: Scrolls take you longer to read. [an orb of fire]
 71157 | Zot:5    | Gained mutation: You regenerate slowly when monsters are visible. [an orb of fire]
 71169 | Zot:5    | Gained mutation: Scrolls take you much longer to read. [an orb of fire]
 71171 | Zot:5    | HP: 7/234 [orb of fire/fireball (12)]
 71174 | Zot:5    | HP: 2/234 [Orb Guardian (6)]
 71178 | Zot:5    | Killed from afar by a green draconian zealot

Skill      XL: |  1  2  3  4  5  6  7  8  9 10 11 12 13 14 15 16 17 18 19 20 21 22 23 24 25 26 27 |
---------------+----------------------------------------------------------------------------------+-----
Staves         | 3 4 5 |  5.1
Fighting       | 3 4 5 6 8 9 10 11 12 13 14 15 16 17 18 19 20 21 22 23 | 23.9
Maces & Flails | 2 3 5 6 7 9 10 11 12 13 15 16 17 18 19 | 19.9
Armour         | 1 2 4 5 7 8 9 10 11 12 13 14 15 16 17 19 | 19.3
Shields        | 2 4 5 6 7 8 9 10 11 12 13 14 15 16 | 16.2
Invocations    | 4 6 8 10 11 | 11.0
Dodging        | 4 6 8 10 | 10.0
Transmutations | 5 7 |  7.7
Spellcasting   | 4 6 |  6.1
Crossbows      | 8 13 15 17 19 | 19.2
Throwing       | |  2.1

Action                   |  1- 3 |  4- 6 |  7- 9 | 10-12 | 13-15 | 16-18 | 19-21 | 22-24 | 25-27 || total
-------------------------+-------+-------+-------+-------+-------+-------+-------+-------+-------++-------
Melee: Quarterstaff      |   101 |    98 |       |       |       |       |       |       |       ||   199
       Kick              |    19 |    27 |    68 |   299 |   733 |   922 |  1156 |  1020 |  1338 ||  5582
       Morningstar       |       |    60 |   280 |   969 |  1816 |    44 |       |       |       ||  3169
       Peck              |       |       |       |       |    22 |   600 |   784 |   691 |   473 ||  2570
       Eveningstar       |       |       |       |       |       |  1902 |  2442 |  1998 |  1206 ||  7548
       Flail             |       |       |       |       |       |       |       |     7 |       ||     7
       Mace              |       |       |       |       |       |       |       |       |   944 ||   944
       Hand crossbow     |       |       |       |       |       |       |       |       |     1 ||     1
 Fire: Blowgun           |       |       |       |     2 |       |       |       |       |       ||     2
       Hand crossbow     |       |       |       |       |       |       |       |       |  1424 ||  1424
Throw: Throwing net      |       |     1 |    11 |     2 |       |       |     3 |       |       ||    17
Invok: Major Destruction |       |       |       |       |     2 |       |       |     1 |       ||     3
       Greater Servant o |       |       |       |       |     1 |     1 |       |       |     7 ||     9
       Minor Destruction |       |       |       |       |     1 |       |       |       |       ||     1
       Lesser Servant of |       |       |       |       |     1 |     2 |    10 |     5 |     5 ||    23
 Abil: Evoke Berserk Rag |       |       |     1 |     3 |       |       |       |       |       ||     4
Evoke: Wand              |       |       |       |     2 |       |     1 |     3 |     4 |     1 ||    11
       Deck              |       |       |       |       |       |       |    10 |       |       ||    10
  Use: Scroll            |       |    13 |     7 |    12 |    10 |    15 |     4 |    10 |    23 ||    94
       Potion            |       |       |     5 |       |     7 |     7 |    11 |     2 |    20 ||    52
 Stab: Petrified         |       |       |       |       |     2 |       |       |       |       ||     2
       Petrifying        |       |       |       |       |     1 |       |       |       |       ||     1
       Distracted        |       |       |       |       |       |     3 |     5 |     2 |     2 ||    12
       Held in net/web   |       |       |       |       |       |       |     3 |       |       ||     3
       Confused          |       |       |       |       |       |       |       |       |     6 ||     6
  Eat: Chunk             |       |    12 |    18 |    11 |    23 |     3 |    26 |    12 |     3 ||   108
       Fruit             |       |       |       |     3 |       |     7 |       |     3 |     6 ||    19
       Beef jerky        |       |       |       |       |     9 |     2 |     1 |     3 |     1 ||    16
       Pizza             |       |       |       |       |     5 |    10 |     1 |       |       ||    16
       Meat ration       |       |       |       |       |       |       |     2 |     4 |     9 ||    15
Armor: Leather armour    |     4 |     4 |   152 |       |       |       |       |       |       ||   160
       Ring mail         |    47 |    62 |       |       |       |       |       |       |       ||   109
       Plate armour      |       |       |    33 |   486 |       |       |       |   528 |    24 ||  1071
       Crystal plate arm |       |       |       |    38 |  1052 |   883 |  1477 |   366 |     6 ||  3822
       Troll leather arm |       |       |       |       |       |    26 |       |       |       ||    26
       Gold dragon armou |       |       |       |       |       |       |       |       |  1433 ||  1433
Dodge: Dodged            |    66 |    58 |    66 |    74 |    34 |    47 |    68 |   237 |   531 ||  1181
Block: Large shield      |       |     7 |   263 |  1010 |  2020 |  2187 |  2995 |  2020 |  3413 || 13915
       Reflection        |       |       |       |       |    44 |   130 |   104 |   177 |    51 ||   506
